 Dungeon Crawl Stone Soup version 0.20-a0-830-g2c9a30d (webtiles) character file.

1931 pichaelthompson the Covered (level 8, -6/61 HPs)
             Began as a Demonspawn Berserker on Mar 5, 2017.
             Was an Elder of Trog.
             Killed from afar by an electric eel (9 damage)
             ... with a bolt of electricity
             ... on level 7 of the Dungeon on Mar 6, 2017.
             The game lasted 00:21:35 (6696 turns).

pichaelthompson the Covered (Demonspawn Berserker)  Turns: 6696, Time: 00:21:35

Health: -6/61      AC: 17    Str: 19    XL:     8   Next: 97%
Magic:  8/8        EV:  7    Int: 10    God:    Trog [****..]
Gold:   240        SH:  0    Dex: 12    Spells: 7/7 levels left

rFire    . . .     SeeInvis +   A - +4 hand axe (venom)
rCold    . . .     Gourm    +   J - +0 plate armour
rNeg     . . .     Faith    .   (no shield)
rPois    .         Spirit   .   (helmet unavailable)
rElec    .         Reflect  .   p - +0 cloak
rCorr    .         Harm     .   (no gloves)
MR       .....                  x - +0 pair of boots (curse)
Stlth    ..........             j - amulet of the gourmand
Regen    0.2/turn               (no ring)
MPRegen  0.2/turn               (no ring)

@: very slow
A: antennae 3, yellow scales 1
a: Berserk, Trog's Hand, Brothers in Arms, Burn Spellbooks, Renounce Religion


You were on level 7 of the Dungeon.
You worshipped Trog.
Trog was greatly pleased with you.
You were very full.

You visited 1 branch of the dungeon, and saw 7 of its levels.

You collected 342 gold pieces.
You spent 102 gold pieces at shops.

Inventory:

Hand Weapons
 A - a +4 hand axe of venom (weapon)
Armour
 p - a +0 cloak (worn)
 x - a cursed +0 pair of boots (worn)
 J - a +0 plate armour (worn)
Jewellery
 j - an amulet of the gourmand (around neck)
Wands
 y - a wand of iceblast (4/15)
 z - a wand of iceblast (8/15)
 B - a wand of paralysis (14/24)
 H - a wand of random effects (24/48)
Scrolls
 a - 2 scrolls of immolation {unknown}
 d - a scroll of fog {unknown}
 g - 5 scrolls of amnesia {unknown}
 k - 3 scrolls of remove curse {unknown}
 l - a scroll of recharging {unknown}
 o - a scroll of blinking {unknown}
 q - a scroll of enchant weapon {unknown}
 r - a scroll of magic mapping {unknown}
 s - 7 scrolls of identify {unknown}
 t - 3 scrolls of teleportation {unknown}
 v - 2 scrolls of enchant armour {unknown}
 I - a scroll of fear {unknown}
Potions
 b - 3 potions of brilliance {unknown}
 e - 2 potions of haste {unknown}
 f - a potion of flight {unknown}
 h - 3 potions of ambrosia {unknown}
 i - a potion of berserk rage {unknown}
 m - 4 potions of heal wounds
 n - a potion of agility {unknown}
 u - 3 potions of curing {unknown}
 E - 2 potions of mutation {unknown}
 F - a potion of might {unknown}
Comestibles
 c - 5 bread rations
 w - 3 chunks of flesh
 C - 2 meat rations
 D - a royal jelly


   Skills:
 + Level 4.8 Fighting
   Level 4.0 Short Blades
 + Level 5.4(5.8) Axes
   Level 3.0(4.6) Polearms
 + Level 5.7 Armour
 + Level 4.0 Dodging
 + Level 2.1 Stealth


You had 7 spell levels left.
You didn't know any spells.

Dungeon Overview and Level Annotations

Branches:
Dungeon (7/15)             Temple (0/1) D:4

Altars:
Dithmenos
Elyvilon
Fedhas
Gozag
Okawaru
Ru
Sif Muna
Vehumet
Xom

Shops:
D:4 (   D:5 }


Innate Abilities, Weirdness & Mutations

You have a pair of large antennae on your head. (SInv)
You are partially covered in yellow scales. (AC +2)


Message History

You enter the shallow water.
Moving in this stuff is going to be slow.
You hit the plant.
The plant is lightly damaged.
An electric eel comes into view.
The electric eel shoots out a bolt of lightning at you!
The bolt of electricity hits you!
The electric eel shoots out a bolt of lightning at you!
The bolt of electricity hits you!
The bolt of electricity hits the plant.
The electric eel shoots out a bolt of lightning at you!
The bolt of electricity hits you!
The electric eel shoots out a bolt of lightning at you!
The bolt of electricity hits you!
* * * LOW HITPOINT WARNING * * *
The electric eel shoots out a bolt of lightning at you!
The bolt of electricity hits you!
* * * LOW HITPOINT WARNING * * *
The electric eel shoots out a bolt of lightning at you!
The bolt of electricity hits you!
You die...

#......P≈≈≈≈≈≈≈≈
#......♣≈≈≈≈≈≈≈≈
#.....♣≈≈≈≈≈≈≈≈≈
#.....≈≈P♣≈≈≈≈≈≈
#####.≈♣≈≈≈≈≈≈≈≈
##≈P≈≈≈≈≈;≈≈
#P♣≈≈≈≈≈≈≈≈
#♣♣≈≈≈≈≈≈≈≈
♣@≈≈≈≈≈≈≈
♣≈≈≈≈≈≈≈≈
≈♣P≈≈≈≈≈≈ #≈
P≈P≈≈≈≈ #≈
≈≈≈≈≈≈≈ #♣
≈♣P≈≈≈≈ ≈≈≈≈≈≈≈
♣≈P≈≈≈P


You could see an electric eel.

Vanquished Creatures
  Pikel (D:7)
  The ghost of Buane the Skirmisher, an amateur HOMo of Beogh (D:4)
  2 slaves (D:7)
  An orc warrior (D:7)
  2 ogres (D:5)
  A centaur (D:7)
  An electric eel (D:7)
  A howler monkey (D:4)
  4 crimson imps (D:5)
  A bullfrog zombie (D:6)
  3 hounds
  2 orc priests
  9 orc wizards
  2 worker ants
  A hound skeleton (D:5)
  5 adders
  15 gnolls
  An ooze (D:1)
  A worm (D:3)
  A dart slug (D:1)
  2 leopard geckos
  14 orcs
  4 ball pythons
  14 bats
  6 giant cockroaches
  3 goblins
  3 hobgoblins
  8 jackals
  2 quokkas
  5 frilled lizards
  A giant cockroach zombie (D:5)
  A jackal skeleton (D:4)
  6 kobolds
  9 rats
133 creatures vanquished.

Vanquished Creatures (others)
  An orc wizard (D:7)
  A bat (D:3)
2 creatures vanquished.

Grand Total: 135 creatures vanquished

Notes
Turn   | Place    | Note
-------+----------+-------------------------------------------
     0 | D:1      | pichaelthompson the Demonspawn Berserker began the quest for the Orb.
     0 | D:1      | Reached XP level 1. HP: 18/18 MP: 1/1
   400 | D:1      | Gained mutation: You have a pair of small antennae on your head. [demonic ancestry]
   400 | D:1      | Reached XP level 2. HP: 19/24 MP: 2/2
  1238 | D:1      | Reached XP level 3. HP: 29/29 MP: 3/3
  1317 | D:2      | Upgraded the game from 0.20-a0-823-gdec668e to 0.20-a0-830-g2c9a30d
  1321 | D:2      | Reached ** piety under Trog
  1326 | D:2      | Found a blossoming altar of Fedhas.
  1358 | D:2      | Found a sacrificial altar of Ru.
  1388 | D:2      | Reached skill level 1 in Short Blades
  1388 | D:2      | Reached skill level 1 in Stealth
  1388 | D:2      | Gained mutation: You have a pair of antennae on your head. [demonic ancestry]
  1388 | D:2      | Reached XP level 4. HP: 35/35 MP: 4/4
  2466 | D:3      | Gained mutation: You have a pair of large antennae on your head. (SInv) [demonic ancestry]
  2466 | D:3      | Reached XP level 5. HP: 23/41 MP: 5/5
  2928 | D:3      | Found a deep blue altar of Sif Muna.
  3028 | D:3      | Found a white marble altar of Elyvilon.
  3252 | D:3      | Gained mutation: You are partially covered in yellow scales. (AC +2) [demonic ancestry]
  3252 | D:3      | Reached XP level 6. HP: 38/47 MP: 6/6
  3290 | D:3      | Reached *** piety under Trog
  3940 | D:4      | Noticed Buane's ghost (amateur HOMo)
  3941 | D:4      | Found a staircase to the Ecumenical Temple.
  3970 | D:4      | Killed Buane's ghost
  3980 | D:4      | Reached XP level 7. HP: 27/53 MP: 7/7
  4187 | D:4      | Found Plog's Antique Weapon Boutique.
  4224 | D:4      | Bought a runed hand axe for 102 gold pieces
  4444 | D:5      | Entered Level 5 of the Dungeon
  4590 | D:5      | Found a shimmering altar of Xom.
  4720 | D:5      | Found Qoss's Gadget Shoppe.
  4967 | D:5      | Reached skill level 1 in Axes
  4968 | D:5      | Found an iron altar of Okawaru.
  5488 | D:6      | Found a radiant altar of Vehumet.
  5605 | D:6      | Found a shadowy altar of Dithmenos.
  5880 | D:6      | Reached XP level 8. HP: 59/60 MP: 8/8
  6146 | D:7      | Found an opulent altar of Gozag.
  6183 | D:7      | Reached **** piety under Trog
  6261 | D:7      | Reached skill level 5 in Armour
  6294 | D:7      | Noticed Pikel
  6311 | D:7      | Killed Pikel
  6311 | D:7      | Reached skill level 5 in Axes
  6696 | D:7      | HP: 3/61 [electric eel/bolt of electricity (12)]
  6696 | D:7      | Killed from afar by an electric eel

Vault maps used:
D:1:      lemuel_arrival_room
D:2:      nicolae_overflow_crystal_walls, nicolae_ru_great_annihilating_truth
D:3:      lemuel_doored_altar, elyvilon_altar_4
D:4:      minmay_temple_entry_butterflies, serial_shops, shop,
          corexii_checkpoint_b
D:5:      okawaru_ov_weapons_minmay, serial_shops, nicolae_shop_stone,
          first_bread, led_xom_imps
D:6:      nicolae_dithmenos_shadow_blocks, nicolae_overflow_hidden_temple
D:7:      grunt_gozag_statues, serial_shops, shop, grunt_ogre_cave,
          serial_bayou_lake_a, uniq_pikel

Skill      XL: |  1  2  3  4  5  6  7  8 |
---------------+-------------------------+-----
Dodging        | 2 3 4 |  4.0
Polearms       | 3 |  3.0
Armour         | 2 3 4 5 |  5.7
Short Blades   | 1 3 4 |  4.0
Stealth        | 1 2 |  2.1
Fighting       | 4 |  4.8
Axes           | 2 5 |  5.4

Action                   |  1- 3 |  4- 6 |  7- 9 || total
-------------------------+-------+-------+-------++-------
Melee: Spear             |    34 |       |       ||    34
       Short sword       |    60 |   314 |     5 ||   379
       Hand axe          |       |       |   172 ||   172
Invok: Berserk           |     1 |     2 |     1 ||     4
       Burn Spellbooks   |       |       |     1 ||     1
 Stab: Invisible         |     1 |       |       ||     1
  Eat: Chunk             |    14 |    11 |    11 ||    36
Armor: Animal skin       |    16 |       |       ||    16
       Ring mail         |    23 |    17 |       ||    40
       Chain mail        |       |   155 |   100 ||   255
Dodge: Dodged            |    45 |   167 |    75 ||   287
